 Dungeon Crawl Stone Soup version 0.23-a0-335-gba3dfdf (webtiles) character file.

189 epen the Sneak (level 5, 0/43 HPs)
             Began as a Gnoll Assassin on Oct 17, 2018.
             Was an Initiate of Cheibriados.
             Succumbed to Edmund's poison
             ... on level 4 of the Dungeon.
             The game lasted 00:04:47 (2769 turns).

epen the Sneak (Gnoll Assassin)                     Turns: 2769, Time: 00:04:47

Health: 0/43       AC: 10    Str: 15    XL:     5   Next: 68%
Magic:  7/7        EV: 12    Int: 15    God:    Cheibriados [......]
Gold:   164        SH:  0    Dex: 17    Spells: 7/7 levels left

rFire    . . .     SeeInvis .   o - +1 dagger (venom)
rCold    + . .     Gourm    .   (no shield)
rNeg     . . .     Faith    .   t - +1 ring mail of Kebiumm {*Corrode rC+ Stlth+}
rPois    .         Spirit   .   y - +0 helmet
rElec    .         Reflect  .   d - +0 cloak
rCorr    .         Harm     .   w - +0 pair of gloves
MR       .....                  v - +0 pair of boots
Stlth    ++++......             i - amulet of regeneration
HPRegen  0.54/turn              (no ring)
MPRegen  0.10/turn              (no ring)

@: lethally poisoned (0 -> -17), very slow
A: distributed training, fangs 1, strong nose
a: Bend Time, Renounce Religion


You were on level 4 of the Dungeon.
You worshipped Cheibriados.
Cheibriados was noncommittal.
You were not hungry.

You visited 2 branches of the dungeon, and saw 5 of its levels.

You collected 164 gold pieces.

Inventory:

Hand Weapons
 a - a +3 dagger
 b - a +0 blowgun
 o - a +1 dagger of venom (weapon)
Missiles
 e - 10 poisoned needles
 f - 2 curare-tipped needles
Armour
 c - a +0 robe
 d - a +0 cloak (worn)
 t - the +1 ring mail of Kebiumm (worn) {*Corrode rC+ Stlth+}
   (You found it on level 4 of the Dungeon)

   It protects you from cold.
   It may corrode you when you take damage.
   It makes you more stealthy.
 v - a +0 pair of boots (worn)
 w - a +0 pair of gloves (worn)
 y - a +0 helmet (worn)
Jewellery
 i - an amulet of regeneration (around neck)
 j - an uncursed amulet of the gourmand {unknown}
Scrolls
 h - 3 scrolls of teleportation
 m - 5 scrolls of identify
 n - a scroll of remove curse
Potions
 k - a potion of curing
 l - a potion of flight {unknown}
 p - a potion of magic {unknown}
 q - a potion of degeneration {unknown}
 r - 2 potions of might {unknown}
 s - a potion of lignification {unknown}
Comestibles
 g - 5 rations


   Skills:
 + Level 4.8 Fighting
 + Level 4.8 Short Blades
 + Level 1.5 Long Blades
 + Level 1.5 Axes
 + Level 1.5 Maces & Flails
 + Level 1.5 Polearms
 + Level 1.5 Staves
 + Level 1.5 Slings
 + Level 1.5 Bows
 + Level 1.5 Crossbows
 + Level 4.8 Throwing
 + Level 1.5 Armour
 + Level 3.0 Dodging
 + Level 7.9 Stealth
 + Level 1.5 Shields
 + Level 1.5 Unarmed Combat
 + Level 1.5 Spellcasting
 + Level 1.2 Conjurations
 + Level 1.2 Hexes
 + Level 1.2 Charms
 + Level 1.2 Summonings
 + Level 1.2 Necromancy
 + Level 1.2 Translocations
 + Level 1.2 Transmutations
 + Level 1.2 Fire Magic
 + Level 1.2 Ice Magic
 + Level 1.2 Air Magic
 + Level 1.2 Earth Magic
 + Level 1.2 Poison Magic
 + Level 1.7 Invocations
 + Level 1.5 Evocations


You had 7 spell levels left.
You didn't know any spells.
Your spell library was empty.

Dungeon Overview and Level Annotations

Branches:
Dungeon (4/15)             Temple (1/1) D:4

Altars:
Ashenzari
Cheibriados
Elyvilon
Fedhas
Gozag
Hepliaklqana
Nemelex Xobeh
Okawaru
Ru
Sif Muna
Trog
Uskayaw
Vehumet
Yredelemnul
Zin
The Shining One

Annotations:
D:4 Edmund


Innate Abilities, Weirdness & Mutations

Your experience applies equally to all skills.
You have very sharp teeth.
Your uncanny sense of smell can sniff out nearby items.


Message History

You see here a chain mail.
You feel very sick.
Edmund hits you with a +1 flail of venom.
You feel very sick. Edmund hits you but does no damage.
You are more poisoned.
* * * LOW HITPOINT WARNING * * *
You feel very sick.
* * * LOW HITPOINT WARNING * * *
You feel very sick. Edmund barely misses you.
* * * LOW HITPOINT WARNING * * *
You feel very sick. Edmund hits you but does no damage.
* * * LOW HITPOINT WARNING * * *
You feel very sick.
Edmund hits you with a +1 flail of venom.
* * * LOW HITPOINT WARNING * * *
You are more poisoned.
You die...

.#### #.#.## ....#
#.#.######### ###.#
#...........# ....#
###.#######.# ###.# #.#
#.# ##.## #.# ###.####
##.>.## #.# #......####
#..#..###.#####...@.....#
...##.....#.....@.##.##[#
##.#..#####.########.##.#
#...## #.# #.##.# ##.#.##
##.# #.##.# ..###.# #..#
#.##.#*** ##.#.## #.##
#.##..,,* ##.## #.#
####.####*,* #.# #.#
#....# *,* #.# #.# #.#***
*,*


You could see Edmund.

Vanquished Creatures
  An orc wizard (D:4)
  Terence (D:3)
  5 adders
  An ooze (D:3)
  A worm (D:2)
  A dart slug (D:3)
  7 leopard geckos
  3 orcs (D:3)
  7 giant cockroaches
  7 goblins
  7 hobgoblins
  15 kobolds
  A quokka (D:2)
  A ball python (D:3)
  7 bats
  A frilled lizard (D:2)
  A leopard gecko skeleton (D:4)
  7 rats
74 creatures vanquished.

Notes
Turn   | Place    | Note
-------+----------+-------------------------------------------
     0 | D:1      | epen the Gnoll Assassin began the quest for the Orb.
     0 | D:1      | Reached XP level 1. HP: 20/20 MP: 1/1
    72 | D:1      | Reached XP level 2. HP: 24/26 MP: 2/2
   501 | D:1      | Reached XP level 3. HP: 31/31 MP: 3/3
   730 | D:2      | Noticed a phantom
   784 | D:2      | Reached skill level 1 in Invocations
   897 | D:2      | Reached skill level 1 in Long Blades
   897 | D:2      | Reached skill level 1 in Axes
   897 | D:2      | Reached skill level 1 in Maces & Flails
   897 | D:2      | Reached skill level 1 in Polearms
   897 | D:2      | Reached skill level 1 in Staves
   897 | D:2      | Reached skill level 1 in Slings
   897 | D:2      | Reached skill level 1 in Bows
   897 | D:2      | Reached skill level 1 in Crossbows
   897 | D:2      | Reached skill level 1 in Armour
   897 | D:2      | Reached skill level 1 in Shields
   897 | D:2      | Reached skill level 1 in Unarmed Combat
   897 | D:2      | Reached skill level 1 in Spellcasting
   897 | D:2      | Reached skill level 1 in Evocations
   998 | D:2      | Reached XP level 4. HP: 36/38 MP: 5/5
  1464 | D:3      | Found a sparkling altar of Nemelex Xobeh.
  1518 | D:3      | Reached skill level 1 in Conjurations
  1518 | D:3      | Reached skill level 1 in Hexes
  1518 | D:3      | Reached skill level 1 in Charms
  1518 | D:3      | Reached skill level 1 in Summonings
  1518 | D:3      | Reached skill level 1 in Necromancy
  1518 | D:3      | Reached skill level 1 in Translocations
  1518 | D:3      | Reached skill level 1 in Transmutations
  1518 | D:3      | Reached skill level 1 in Fire Magic
  1518 | D:3      | Reached skill level 1 in Ice Magic
  1518 | D:3      | Reached skill level 1 in Air Magic
  1518 | D:3      | Reached skill level 1 in Earth Magic
  1518 | D:3      | Reached skill level 1 in Poison Magic
  1864 | D:3      | Noticed Terence
  1878 | D:3      | Killed Terence
  1878 | D:3      | Reached XP level 5. HP: 38/43 MP: 5/7
  1941 | D:4      | Found a sacrificial altar of Ru.
  2301 | D:4      | Found a snail-covered altar of Cheibriados.
  2321 | D:4      | Found a staircase to the Ecumenical Temple.
  2347 | Temple   | Entered the Ecumenical Temple
  2584 | D:4      | Became a worshipper of Cheibriados the Contemplative
  2664 | D:4      | Found a shattered altar of Ashenzari.
  2685 | D:4      | Got a bronze ring mail
  2697 | D:4      | Identified the +1 ring mail of Kebiumm {*Corrode rC+
                  | Stlth+} (You found it on level 4 of the Dungeon)
  2749 | D:4      | Noticed Edmund
  2769 | D:4      | Succumbed to Edmund's poison

Vault maps used:
D:1:      dpeg_arrival_rooms_b
D:2:      lightli_temple_of_fire, minivault_14, st_stairs_13,
          grunt_decor_fettered
D:3:      first_ration, nemelex_dance_club_becter, uniq_terence
D:4:      nicolae_ru_great_annihilating_truth, cheibrodos_ashenzari_chains,
          kennysheep_mini_moat, minmay_temple_entry_butterflies, uniq_edmund
Temple:   oiseaux_autumnal_temple

Skill      XL: |  1  2  3  4  5 |
---------------+----------------+-----
Invocations    | 1 |  1.7
Long Blades    | 1 |  1.5
Axes           | 1 |  1.5
Maces & Flails | 1 |  1.5
Polearms       | 1 |  1.5
Staves         | 1 |  1.5
Slings         | 1 |  1.5
Bows           | 1 |  1.5
Crossbows      | 1 |  1.5
Armour         | 1 |  1.5
Shields        | 1 |  1.5
Unarmed Combat | 1 |  1.5
Spellcasting   | 1 |  1.5
Evocations     | 1 |  1.5
Conjurations   | 1 |  1.2
Hexes          | 1 |  1.2
Charms         | 1 |  1.2
Summonings     | 1 |  1.2
Necromancy     | 1 |  1.2
Translocations | 1 |  1.2
Transmutations | 1 |  1.2
Fire Magic     | 1 |  1.2
Ice Magic      | 1 |  1.2
Air Magic      | 1 |  1.2
Earth Magic    | 1 |  1.2
Poison Magic   | 1 |  1.2
Dodging        | 3 |  3.0
Fighting       | |  4.8
Short Blades   | |  4.8
Throwing       | |  4.8
Stealth        | |  7.9

Action                   |  1- 3 |  4- 6 || total
-------------------------+-------+-------++-------
Melee: Dagger            |   124 |   101 ||   225
       Bite              |    11 |     9 ||    20
       Punch             |       |     1 ||     1
  Use: Scroll            |       |     7 ||     7
 Stab: Sleeping          |     8 |    10 ||    18
       Distracted        |     2 |       ||     2
  Eat: Chunk             |       |     4 ||     4
       Ration            |       |     1 ||     1
Armor: Robe              |    16 |     8 ||    24
       Ring mail         |       |     5 ||     5
Dodge: Dodged            |    64 |    53 ||   117

Table legend:
 A = Non-vault XP
 B = Vault XP
 C = Vault XP percentage of total XP
 D = Non-vault monster count
 E = Vault monster count
 F = Vault count percentage of total count
                 A         B        C        D         E       F
            +---------+---------+-------+---------+---------+-------
      Total |     168 |     103 |  38.0 |      66 |       8 |  10.8
            +---------+---------+-------+---------+---------+-------
        D:1 |      39 |       0 |   0.0 |      23 |       0 |   0.0
        D:2 |      36 |      13 |  26.5 |      20 |       1 |   4.8
        D:3 |      61 |      46 |  43.0 |      18 |       3 |  14.3
        D:4 |      32 |      44 |  57.9 |       5 |       4 |  44.4
            +---------+---------+-------+---------+---------+-------
